 Dungeon Crawl Stone Soup version 0.21.1-1-g345015f (webtiles) character file.

1180 inc the Gouger (level 8, -2/37 HPs)
             Began as a Felid Monk on Mar 7, 2018.
             Was an Elder of Ru.
             Slain by an ogre
             ... wielding a +0 giant spiked club
              (25 damage)
             ... on level 6 of the Dungeon.
             The game lasted 00:23:39 (10257 turns).

inc the Gouger (Felid Monk)                        Turns: 10257, Time: 00:23:39

Health: -2/37      AC:  2    Str:  7    XL:     8   Next: 18%
Magic:  8/8        EV: 27    Int: 13    God:    Ru [****..]
Gold:   301        SH:  0    Dex: 25    Spells: 5/7 levels left
                                        Lives:  0   Deaths: 2

rFire    . . .     SeeInvis +     - Unarmed
rCold    + . .     Gourm    .   (shield unavailable)
rNeg     . . .     Faith    .   (armour unavailable)
rPois    .         Spirit   .   (helmet unavailable)
rElec    .         Reflect  .   (cloak unavailable)
rCorr    .         Harm     .   (gloves unavailable)
MR       +....                  (boots unavailable)
Stlth    ++++......             (no amulet)
HPRegen  0.12/turn              r - ring of protection from cold
MPRegen  0.11/turn              d - +4 ring of dexterity

@: no potions, quick
A: very small, no armour, no weapons or thrown items, stealth, claws 1, fangs 3,
thin skeletal structure 1, see invisible, carnivore, speed 1, low mp 1, shaggy
fur 2, slow metabolism 1, inability to drink while threatened, no conjurations
magic, no necromancy magic, no poison magic, MP-powered wands, unskilled 1,
sharp paws
a: Draw Out Power, Power Leap, Renounce Religion


You were on level 6 of the Dungeon.
You worshipped Ru.
Ru was greatly pleased with you.
You were not hungry.

You visited 2 branches of the dungeon, and saw 9 of its levels.
You also visited: Ossuary.

You collected 301 gold pieces.

Inventory:

Jewellery
 b - an uncursed ring of magical power
 c - an uncursed ring of magical power
 d - a +4 ring of dexterity (right paw)
 h - an uncursed amulet of the gourmand
 r - a ring of protection from cold (left paw)
 u - an uncursed ring of magical power
Wands
 m - a wand of disintegration (16)
Scrolls
 e - a scroll of random uselessness
 f - 3 scrolls of teleportation
 g - a scroll of immolation {unknown}
 i - 3 scrolls of amnesia {unknown}
 j - a scroll of enchant armour {unknown}
 o - 3 scrolls of remove curse
 q - a scroll of blinking
 s - 2 scrolls of fog
 v - a scroll of vulnerability
Potions
 k - 4 potions of resistance
 n - 2 potions of flight
 p - a potion of degeneration
 z - a potion of might
 A - a potion of haste {unknown}
 B - 2 potions of lignification {unknown}
 C - 2 potions of agility {unknown}
Books
 l - a book of Changes

   Spells                             Type                      Level
   a - Beastly Appendage              Transmutation                1
   b - Sticks to Snakes               Transmutation                2
   c - Spider Form                    Transmutation/Poison         3
   d - Ice Form                       Ice/Transmutation            4
   e - Blade Hands                    Transmutation                5
 t - a book of Clouds

   Spells                             Type                      Level
   a - Poisonous Vapours              Poison/Air                   2
   b - Mephitic Cloud                 Conjuration/Poison/Air       3
   c - Conjure Flame                  Conjuration/Fire             3
   d - Freezing Cloud                 Conjuration/Ice/Air          6
   e - Ring of Flames                 Charms/Fire                  7
 x - a book of Callings

   Spells                             Type                      Level
   a - Summon Small Mammal            Summoning                    1
   b - Call Imp                       Summoning                    2
   c - Call Canine Familiar           Summoning                    3
   d - Summon Guardian Golem          Hexes/Summoning              3
   e - Summon Lightning Spire         Summoning/Air                4
   f - Summon Ice Beast               Ice/Summoning                4
 y - a book of Minor Magic

   Spells                             Type                      Level
   a - Magic Dart                     Conjuration                  1
   b - Blink                          Translocation                2
   c - Call Imp                       Summoning                    2
   d - Slow                           Hexes                        2
   e - Conjure Flame                  Conjuration/Fire             3
   f - Mephitic Cloud                 Conjuration/Poison/Air       3
Comestibles
 a - 22 rations


   Skills:
 - Level 5.6 Fighting
 - Level 8.7 Dodging
 - Level 2.4 Stealth
 + Level 9.3 Unarmed Combat


You had 5 spell levels left.
You knew the following spells:

 Your Spells              Type           Power        Failure   Level  Hunger
a - Blink                 Tloc           N/A          43%         2    ###....


Dungeon Overview and Level Annotations

Branches:
Dungeon (8/15)             Temple (1/1) D:6
   Lair: D:8-11

Altars:
Ashenzari
Cheibriados
Dithmenos
Elyvilon
Fedhas
Gozag
Kikubaaqudgha
Makhleb
Nemelex Xobeh
Okawaru
Qazlal
Ru
Sif Muna
Trog
Uskayaw
Vehumet
Wu Jian
Xom
Yredelemnul
Zin
The Shining One

Annotations:
D:2 Sigmund
D:3 2 transporters
D:4 1 runed door
D:7 Joseph


Innate Abilities, Weirdness & Mutations

You cannot wear armour.
You are incapable of wielding weapons or throwing items.
Your paws allow you to move quietly. (Stealth)
You have sharp claws.
You have razor-sharp teeth.
You have supernaturally acute eyesight. (SInv)
You are carnivorous and can eat meat at any time.
You cover ground quickly.
You are covered in thick fur. (AC +2)
You have a slow metabolism.
You cannot drink potions while threatened.
You cannot study or cast Conjurations magic.
You cannot study or cast Necromancy magic.
You cannot study or cast Poison magic.
You are somewhat unskilled. (-1 Apt)
Your sharp claws are effective at attacking unaware monsters.
You have a somewhat thin skeletal structure. (Dex +2, Stealth)
Your magical capacity is low. (-10% MP)
You expend magic power (3 MP) to strengthen your wands.


Message History

You feel a little less mighty now.
You start resting.
An ogre opens the door.
It is wielding a giant spiked club.
The ogre shouts!
There is an open door here.
You start resting.
You scratch the ogre but do no damage. The ogre closely misses you.
You scratch the ogre.
The ogre is lightly wounded.
You scratch the ogre.
The ogre is moderately wounded.
The ogre completely misses you.
You claw the ogre! Your bite misses the ogre.
The ogre is severely wounded.
You scratch the ogre.
The ogre is almost dead.
The ogre hits you with a giant spiked club!!
You feel threatened and lose the ability to drink potions!
Ouch! That really hurt!
You die...

.##########...# #################
.# ###...####8........'...). .#
#........#.........#..... .#
##.......##.......D.#.....
<#######.........#........8#.....
............#########'###########
##.###......#>...#....# #.#
#.##...#....#.O..#
##>###.###.##[..@#....# ....##.#
####....O....# ≈...##.#
########### ≈≈..##.# #....'....#
≈...##.######....#..⌠.#
≈≈..##......#....#.⌠..#
.≈≈....######>...#....#
.....#.##############†######
.###.#...........#...H†....#


You could see an ogre.

Vanquished Creatures
  A hippogriff (D:7)
  Eustachio (D:5)
  A wraith (Ossuary)
  A hungry ghost (D:7)
  3 water moccasins
  An ice beast (D:5)
  A sky beast (D:6)
  An ogre (D:4)
  2 centaurs
  A big kobold (D:7)
  3 bullfrogs (D:6)
  A scorpion (D:4)
  3 killer bees (D:7)
  A howler monkey (D:7)
  3 crimson imps
  An orc priest (D:6)
  4 hounds
  A jelly (D:5)
  A centaur skeleton (D:4)
  An iguana (D:7)
  4 orc wizards
  A worker ant (D:6)
  A killer bee zombie (D:6)
  2 hound skeletons (D:6)
  A mummy (Ossuary)
  A worker ant zombie (D:7)
  6 gnolls
  15 adders
  3 shadow imps
  2 oozes
  A dart slug (D:4)
  3 leopard geckos
  15 orcs
  3 ball pythons
  4 bats
  A giant cockroach (D:4)
  4 goblins
  7 hobgoblins
  13 jackals
  9 kobolds
  2 quokkas
  2 frilled lizards
  5 gnoll skeletons (Ossuary)
  7 kobold skeletons (Ossuary)
  A leopard gecko skeleton (D:4)
  12 orc skeletons (Ossuary)
  10 rats
167 creatures vanquished.

Vanquished Creatures (others)
  A kobold skeleton (Ossuary)
1 creature vanquished.

Grand Total: 168 creatures vanquished

Notes
Turn   | Place    | Note
-------+----------+-------------------------------------------
     0 | D:1      | inc the Felid Monk began the quest for the Orb.
     0 | D:1      | Reached XP level 1. HP: 10/10 MP: 2/2
   420 | D:1      | Reached XP level 2. HP: 14/14 MP: 3/3
   777 | D:2      | Found a sacrificial altar of Ru.
   790 | D:2      | Reached skill level 4 in Unarmed Combat
  1070 | D:2      | Reached XP level 3. HP: 11/17 MP: 4/4
  1199 | D:2      | Became a worshipper of Ru the Awakened
  1215 | D:2      | Found a basalt altar of Yredelemnul.
  1235 | D:2      | Gained mutation: You cannot study or cast Poison magic. [Ru sacrifice]
  1235 | D:2      | Gained mutation: You cannot study or cast Necromancy magic. [Ru sacrifice]
  1235 | D:2      | Gained mutation: You cannot study or cast Conjurations magic. [Ru sacrifice]
  1235 | D:2      | Reached * piety under Ru
  1617 | D:2      | Noticed Sigmund
  1631 | D:3      | Found a transporter.
  1655 | D:3      | Found a transporter.
  1698 | D:3      | Found a faded altar of an unknown god.
  1760 | D:3      | Reached skill level 5 in Unarmed Combat
  1760 | D:3      | Reached XP level 4. HP: 7/21 MP: 5/5
  1813 | D:2      | Found an ornate altar of the Wu Jian Council.
  1813 | D:2      | Found an ancient bone altar of Kikubaaqudgha.
  2951 | D:4      | Reached XP level 5. HP: 24/24 MP: 6/6
  3019 | D:4      | Reached skill level 6 in Unarmed Combat
  3050 | D:4      | Noticed an ogre
  3063 | D:4      | Killed an ogre
  3228 | D:4      | Gained mutation: You are covered in thick fur. (AC +2) [Felid growth]
  3228 | D:4      | Reached XP level 6. HP: 28/28 MP: 7/7
  3337 | D:4      | Found a white marble altar of Elyvilon.
  3371 | D:4      | Reached skill level 7 in Unarmed Combat
  3547 | D:4      | Found a runed door.
  4017 | D:5      | Entered Level 5 of the Dungeon
  4129 | D:5      | Noticed an ice beast
  4229 | D:6      | Reached skill level 8 in Unarmed Combat
  4238 | D:6      | Reached XP level 7. HP: 31/31 MP: 8/8
  4246 | D:6      | Gained mutation: You cannot drink potions while threatened. [Ru sacrifice]
  4246 | D:6      | Reached ** piety under Ru
  4415 | D:5      | Noticed Eustachio
  4764 | D:5      | Reached skill level 5 in Dodging
  5813 | D:6      | Learned a level 2 spell: Blink
  6236 | D:5      | Reached XP level 8. HP: 34/34 MP: 9/9
  6896 | D:6      | Found a staircase to the Ecumenical Temple.
  6946 | Temple   | Entered the Ecumenical Temple
  7334 | D:5      | Slain by an iron imp
  7335 | D:5      | Reached XP level 7. HP: -1/31 MP: 8/8
  7379 | D:5      | Killed Eustachio
  7892 | D:7      | Gained mutation: You passively map a small area around you. [potion of mutation]
  7892 | D:7      | Gained mutation: You are weak. (Str -2) [potion of mutation]
  7892 | D:7      | Gained mutation: Your system is resistant to poisons. (rPois) [potion of mutation]
  8284 | D:7      | Reached skill level 5 in Fighting
  8284 | D:7      | Reached XP level 8. HP: 12/37 MP: 9/9
  8288 | D:7      | Found a sand-covered staircase.
  8426 | Ossuary  | Entered an ossuary
  8863 | Ossuary  | Gained mutation: You are somewhat unskilled. (-1 Apt) [Ru sacrifice]
  8863 | Ossuary  | Reduced skill Fighting to level 5
  8863 | Ossuary  | Reduced skill Unarmed Combat to level 7
  8863 | Ossuary  | Reached *** piety under Ru
  8863 | Ossuary  | Reached **** piety under Ru
  8868 | Ossuary  | Lost mutation: You are weak. (Str -2) [potion of mutation]
  8868 | Ossuary  | Lost mutation: Your system is resistant to poisons. (rPois) [potion of mutation]
  8868 | Ossuary  | Gained mutation: You are partially covered in iridescent scales. (AC +2) [potion of mutation]
  8869 | Ossuary  | Lost mutation: You passively map a small area around you. [potion of mutation]
  8869 | Ossuary  | Lost mutation: You are partially covered in iridescent scales. (AC +2) [potion of mutation]
  8869 | Ossuary  | Gained mutation: You have a somewhat thin skeletal structure. (Dex +2, Stealth) [potion of mutation]
  8869 | Ossuary  | Gained mutation: Potions are less effective at restoring your health. [potion of mutation]
  8869 | Ossuary  | Gained mutation: You are clumsy. (Dex -2) [potion of mutation]
  8869 | Ossuary  | Gained mutation: You possess an exceptional clarity of mind. [potion of mutation]
  8870 | Ossuary  | Lost mutation: You are clumsy. (Dex -2) [potion of mutation]
  8870 | Ossuary  | Lost mutation: You possess an exceptional clarity of mind. [potion of mutation]
  8870 | Ossuary  | Lost mutation: You have a somewhat thin skeletal structure. (Dex +2, Stealth) [potion of mutation]
  8870 | Ossuary  | Lost mutation: Potions are less effective at restoring your health. [potion of mutation]
  8870 | Ossuary  | Gained mutation: You expend magic power (3 MP) to strengthen your wands. [potion of mutation]
  8870 | Ossuary  | Gained mutation: Your magical capacity is low. (-10% MP) [potion of mutation]
  8870 | Ossuary  | Gained mutation: You have a somewhat thin skeletal structure. (Dex +2, Stealth) [potion of mutation]
  9048 | D:7      | Noticed a hippogriff
  9104 | D:7      | Reached skill level 8 in Unarmed Combat
  9410 | D:7      | Noticed Joseph
  9620 | D:7      | Killed a hippogriff
  9883 | D:6      | Noticed a hippogriff
  9893 | D:6      | Slain by a hippogriff
  9894 | D:6      | Reached XP level 7. HP: 0/33 MP: 3/7
 10001 | D:7      | Reached skill level 9 in Unarmed Combat
 10001 | D:7      | Reached XP level 8. HP: 37/37 MP: 8/8
 10114 | D:6      | Noticed a five-headed hydra
 10257 | D:6      | Slain by an ogre

Skill      XL: |  1  2  3  4  5  6  7  8 |
---------------+-------------------------+-----
Unarmed Combat | 4 5 6 8 9 8 |  9.3
Dodging        | 9 8 |  8.7
Fighting       | 5 5 |  5.6
Stealth        | |  2.4

Action                   |  1- 3 |  4- 6 |  7- 9 || total
-------------------------+-------+-------+-------++-------
Melee: Unarmed           |   107 |   127 |   348 ||   582
       Bite              |    14 |    10 |    39 ||    63
       Punch             |     1 |     5 |    19 ||    25
Invok: Sacrifice Arcana  |     1 |       |       ||     1
       Sacrifice Drink   |       |       |     1 ||     1
       Power Leap        |       |       |     5 ||     5
       Sacrifice Skill   |       |       |     1 ||     1
  Use: Potion            |     1 |       |     8 ||     9
       Scroll            |       |     6 |     8 ||    14
 Stab: Sleeping          |     7 |     8 |     4 ||    19
       Distracted        |       |     1 |     2 ||     3
       Invisible         |       |       |     2 ||     2
  Eat: Chunk             |       |     8 |    10 ||    18
Armor: Skin              |     2 |     4 |     9 ||    15
Dodge: Dodged            |    72 |    84 |   311 ||   467
